Map: Ephemeron LE

Players

Hurricane

  • Race: Protoss Protoss
  • Spawn Location: 11:00

Nice - Winner!

  • Race: Protoss Protoss
  • Spawn Location: 5:00

Event: IEM Katowice 2020

VOD

Have the link to the VOD?

Description

Time

  • Played on: Feb. 25, 2020, 9:43 a.m.
  • Length: 9:17

All games in this series

Show
View Real Time Build Order
Export as new Build Order

Hurricane Protoss 

Build Orders: Phoenix Opening 

Get SALT Encoding   

  12  0:00  Probe  
  13  0:12  Probe  
  14  0:17  Pylon  
  14  0:24  Probe (Chrono Boost)  
  15  0:36  Probe (Chrono Boost)  
  15  0:37  Gateway  
  16  0:44  Probe (Chrono Boost)  
  16  0:49  Assimilator  
  17  0:51  Probe  
  17  0:55  Assimilator  
  18  1:03  Probe (Chrono Boost)  
  19  1:08  Gateway  
  19  1:13  Probe (Chrono Boost)  
  19  1:18  Probe (Chrono Boost)  
  20  1:25  Cybernetics Core  
  21  1:29  Probe  
  22  1:35  Pylon  
  22  1:41  Probe  
  23  1:53  Probe  
  24  2:01  Stalker  
  24  2:02  Warp Gate (Chrono Boost), Sentry  
  28  2:08  Pylon  
  28  2:14  Probe  
  29  2:28  Stalker  
  31  2:31  Stalker  
  31  2:36  Phoenix  
  33  2:53  Nexus  
  33  3:00  Probe  
  34  3:06  Sentry x2  
  34  3:09  Pylon  
  38  3:14  Probe  
  39  3:27  Probe  
  39  3:30  Gateway  
  39  3:32  Shield Battery  
  40  3:39  Probe  
  41  3:44  Stalker x2  
  45  3:52  Probe  
  46  4:00  Shield Battery  
  46  4:01  Pylon  
  46  4:08  Stalker x2  
  50  4:12  Probe  
  50  4:22  Probe  
  49  4:24  Stalker  
  49  4:34  Probe (Chrono Boost)  
  49  4:41  Probe (Chrono Boost)  
  51  4:46  Probe (Chrono Boost)  
  51  4:50  Sentry x3  
  51  4:51  Probe (Chrono Boost)  
  58  4:52  Probe (Chrono Boost)  
  58  4:56  Probe (Chrono Boost)  
  60  5:00  Probe  
  60  5:06  Robotics Facility  
  61  5:07  Probe  
  61  5:12  Probe  
  63  5:19  Probe  
  64  5:24  Probe  
  64  5:27  Forge  
  63  5:31  Adept  
  63  5:32  Probe, Adept x2  
  70  5:35  Pylon  
  60  5:54  Probe  
  59  6:01  Immortal (Chrono Boost)  
  59  6:04  Gateway  
  61  6:05  Gateway  
  61  6:07  Gateway  
  61  6:09  Gateway  
  57  6:12  Shield Battery  
  57  6:17  Twilight Council  
  57  6:23  Adept x2  
  61  6:28  Shield Battery  
  61  6:30  Pylon  
  61  6:40  Immortal (Chrono Boost)  
  61  6:46  Zealot x2  
  61  6:47  Shield Battery  
  69  6:51  Zealot  
  63  7:02  Stalker x2  
  39  7:16  Stalker x2  
  38  7:26  Probe (Chrono Boost)  
  37  7:32  Probe (Chrono Boost)  
  39  7:38  Probe (Chrono Boost)  
  39  7:41  Probe (Chrono Boost)  
  39  7:43  Probe (Chrono Boost)  
  38  7:46  Probe (Chrono Boost)  
  38  7:52  Probe  
  38  7:53  Dark Shrine  
  39  7:59  Probe  
  39  8:04  Probe  
  41  8:06  Assimilator  
  41  8:17  Stalker x2  
  42  8:23  Probe x2  
  44  8:30  Pylon, Observer (Chrono Boost)  
  45  8:40  Photon Cannon  
  45  8:44  Photon Cannon  
  45  8:48  Sentry  
  47  8:59  Photon Cannon  
  47  9:07  Dark Templar  
  47  9:08  Dark Templar  
Show
View Real Time Build Order
Export as new Build Order

Nice Protoss - Winner!

Build Orders:  

Get SALT Encoding   

  12  0:00  Probe  
  13  0:12  Probe  
  14  0:17  Pylon  
  14  0:24  Probe  
  15  0:36  Probe (Chrono Boost)  
  15  0:38  Gateway  
  16  0:47  Probe (Chrono Boost), Assimilator  
  17  0:51  Assimilator  
  17  0:54  Probe (Chrono Boost)  
  18  1:06  Probe (Chrono Boost)  
  18  1:08  Gateway  
  19  1:13  Probe (Chrono Boost)  
  20  1:20  Probe  
  21  1:26  Cybernetics Core  
  21  1:32  Probe  
  22  1:38  Pylon  
  22  1:44  Probe  
  23  1:57  Probe  
  23  2:00  Warp Gate (Chrono Boost)  
  24  2:02  Adept x2  
  28  2:09  Probe  
  28  2:14  Pylon  
  29  2:32  Adept x2  
  32  2:50  Nexus  
  32  3:02  Adept x2  
  36  3:08  Pylon  
  36  3:15  Probe  
  37  3:28  Probe  
  38  3:39  Robotics Facility  
  38  3:40  Probe (Chrono Boost)  
  39  3:43  Adept x2  
  43  3:52  Probe (Chrono Boost)  
  44  3:59  Probe (Chrono Boost)  
  45  4:04  Sentry x2  
  45  4:07  Probe (Chrono Boost)  
  51  4:12  Probe (Chrono Boost)  
  51  4:16  Probe (Chrono Boost)  
  52  4:20  Probe (Chrono Boost)  
  52  4:21  Probe (Chrono Boost)  
  50  4:29  Immortal (Chrono Boost)  
  50  4:30  Probe  
  45  4:37  Shield Battery  
  45  4:38  Sentry  
  45  4:39  Stalker  
  45  4:42  Probe x2, Shield Battery  
  45  4:45  Shield Battery  
  49  4:53  Pylon  
  49  4:58  Probe  
  51  5:01  Observer (Chrono Boost)  
  51  5:04  Stalker x2  
  55  5:19  Warp Prism (Chrono Boost)  
  57  5:29  Gateway, Sentry x2  
  57  5:30  Gateway  
  61  5:43  Immortal (Chrono Boost)  
  63  5:54  Adept x2  
  64  5:58  Observer  
  64  6:00  Probe  
  63  6:12  Probe x2  
  63  6:15  Adept x2, Twilight Council  
  63  6:17  Pylon  
  69  6:24  Probe, Assimilator  
  69  6:25  Assimilator  
  70  6:28  Pylon  
  70  6:29  Pylon  
  70  6:31  Pylon  
  70  6:35  Probe  
  70  6:36  Probe  
  70  6:42  Stalker x3  
  70  6:45  Zealot  
  78  6:48  Probe  
  77  6:59  Probe  
  68  7:01  Adept  
  68  7:02  Probe  
  68  7:05  Adept  
  68  7:06  Adept x2  
  71  7:11  Probe  
  71  7:14  Probe  
  63  7:23  Probe, Immortal (Chrono Boost)  
  63  7:26  Probe  
  67  7:31  Adept  
  67  7:35  Resonating Glaives (Chrono Boost)  
  69  7:50  Gateway  
  69  7:52  Gateway  
  69  7:53  Gateway  
  69  8:00  Gateway, Immortal (Chrono Boost)  
  73  8:09  Adept x3  
  73  8:12  Adept  
  81  8:27  Pylon x2  
  81  8:37  Adept  
  81  8:38  Adept x3  
  89  8:54  Pylon  
  89  9:08  Adept x4  
  89  9:09  Adept x2  

Tags
 
Add a new tag
Caveats
  • Supply blocks, unpowered buildings, or Contaminate may cause inaccurate times.
  • Supply counts are checked every 10 seconds.